 Dungeon Crawl Stone Soup version 0.28-a0-8-g6e044cfa68 (webtiles) character file.

Game seed: 4702995766639353651

347 funkygono the Shield-Bearer (level 6, -4/53 HPs)
             Began as a Gnoll Fighter on July 24, 2021.
             Slain by a sky beast (5 damage)
             ... on level 4 of the Dungeon.
             The game lasted 00:06:31 (5203 turns).

funkygono the Shield-Bearer (Gnoll Fighter)         Turns: 5203, Time: 00:06:31

Health: -4/53      AC:  0    Str: 21    XL:     6   Next: 59%
Magic:  18/18      EV: 10    Int:  9    God:
Gold:   118        SH: 10    Dex: 11    Spells: 9/9 levels left

rFire   . . .      SeeInvis .   a - +0 long sword
rCold   . . .      Faith    .   c - +0 kite shield
rNeg    . . .      Spirit   .   (no armour)
rPois   .          Reflect  .   (no helmet)
rElec   .          Harm     .   (no cloak)
rCorr   .          Rampage  .   (no gloves)
Will    .....                   (no boots)
Stlth   ++........              (no amulet)
HPRegen 0.17/turn               m - ring "Qairare" {MP+9 Str+5}
MPRegen 0.16/turn               (no ring)

@: no status effects
A: fangs 1, strong nose, distributed training
a: no special abilities


You were on level 4 of the Dungeon.
You visited 1 branch of the dungeon, and saw 4 of its levels.

You collected 118 gold pieces.

Inventory:

Hand Weapons
 a - a +0 long sword (weapon)
 o - a +0 short sword of draining
Missiles
 j - 142 stones
 r - 6 javelins
 s - 8 boomerangs (quivered)
Armour
 b - a +0 scale mail
 c - a +0 kite shield (worn)
 h - a +3 leather armour of poison resistance
 q - a +0 chain mail
Magical Staves
 g - a staff of fire
Jewellery
 m - the ring "Qairare" (left hand) {MP+9 Str+5}
   (You acquired it on level 2 of the Dungeon)

   [ring of magical power]

   Str:       It affects your strength (+5).
   MP:        It affects your magic capacity (+9).
Scrolls
 e - 3 scrolls of teleportation
 t - a scroll of vulnerability {unknown}
 u - a scroll of amnesia {unknown}
 v - a scroll of noise {unknown}
Potions
 d - 5 potions of might
 f - a potion of heal wounds {unknown}
 i - 3 potions of curing
 k - a potion of magic {unknown}
 l - a potion of degeneration {unknown}
 n - 2 potions of lignification
 p - a potion of attraction {unknown}


   Skills:
 + Level 6.8 Fighting
 + Level 2.0 Short Blades
 + Level 5.0 Long Blades
 + Level 2.0 Axes
 + Level 2.0 Maces & Flails
 + Level 2.0 Polearms
 + Level 2.0 Staves
 + Level 2.0 Slings
 + Level 2.0 Bows
 + Level 2.0 Crossbows
 + Level 2.0 Throwing
 + Level 6.8 Armour
 + Level 2.0 Dodging
 + Level 2.0 Stealth
 + Level 6.8 Shields
 + Level 2.0 Unarmed Combat
 + Level 2.0 Spellcasting
 + Level 1.6 Conjurations
 + Level 1.6 Hexes
 + Level 1.6 Summonings
 + Level 1.6 Necromancy
 + Level 1.6 Translocations
 + Level 1.6 Transmutations
 + Level 1.6 Fire Magic
 + Level 1.6 Ice Magic
 + Level 1.6 Air Magic
 + Level 1.6 Earth Magic
 + Level 1.6 Poison Magic
 + Level 2.2 Invocations
 + Level 2.0 Evocations


You had 9 spell levels left.
You didn't know any spells.
Your spell library was empty.

Dungeon Overview and Level Annotations

Branches:
Dungeon (4/15)
 Temple: D:4-7

Altars:
Ashenzari


Innate Abilities, Weirdness & Mutations

You have very sharp teeth.
Your uncanny sense of smell can sniff out nearby items.
Your experience applies equally to all skills.


Message History

Press: ? - help, Q - select action, (/) - cycle Shift-Dir - straight line, f - ball python
Aim: a ball python (asleep, 98% to hit)
You throw a boomerang. The boomerang hits the ball python.
You kill the ball python!
Unknown command.
A sky beast comes into view.
Throw: 8 boomerangs
Press: ? - help, Q - select action, (/) - cycle Shift-Dir - straight line, f - sky beast
Aim: a sky beast (50% to hit)
You throw a boomerang.
The boomerang closely misses the sky beast.
Unknown command.
Throw: 8 boomerangs
Press: ? - help, Q - select action, (/) - cycle Shift-Dir - straight line, f/p - sky beast
Aim: a sky beast (50% to hit)
You throw a boomerang. The boomerang hits the sky beast.
The sky beast is lightly wounded.
The sky beast flickers out of sight!
Deactivating autopickup; reactivate with Ctrl-A.
Something hits you. Something shocks you.
You barely miss something. You bite something. Something hits you.
Something shocks you.
You closely miss something. Something hits you. Something shocks you.
You miss something. Something hits you. Something shocks you.
You hit something.
A sky beast appears from thin air!
Reactivating autopickup.
The sky beast hits you.
* * * LOW HITPOINT WARNING * * *
The sky beast shocks you.
* * * LOW HITPOINT WARNING * * *
The sky beast hits you.
* * * LOW HITPOINT WARNING * * *
The sky beast shocks you.
* * * LOW HITPOINT WARNING * * *
You closely miss the sky beast.
The sky beast is moderately wounded.
The sky beast hits you.
* * * LOW HITPOINT WARNING * * *
The sky beast shocks you.
You die...

#.#.# #.###......# #.#.#
#..#..#....# #.#.#
##...##.#..# #†#.#
##.###.#..# #.#.# #.#
#.#..#
#.#.#######.###.#..
#...............#.#
##############..#Y##.###
#..@......# #.#........
#.#...#.#.. #.....†.#
#########


You could see a sky beast.

Vanquished Creatures
  A scorpion (D:4)
  2 hounds (D:4)
  An iguana (D:4)
  3 orc wizards
  3 adders
  An ufetubus (D:4)
  A worm (D:3)
  2 dart slugs
  13 orcs
  9 ball pythons
  4 bats
  5 endoplasms
  A giant cockroach (D:4)
  8 goblins
  8 hobgoblins
  7 kobolds
  3 quokkas (D:1)
  6 frilled lizards
  5 rats
83 creatures vanquished.

Notes
Turn   | Place    | Note
-------+----------+-------------------------------------------
     0 | D:1      | funkygono the Gnoll Fighter began the quest for the Orb.
     0 | D:1      | Reached XP level 1. HP: 23/23 MP: 1/1
   240 | D:1      | Reached XP level 2. HP: 24/29 MP: 2/2
   510 | D:1      | Found a faded altar of an unknown god.
  1146 | D:2      | Reached XP level 3. HP: 35/35 MP: 3/3
  1305 | D:2      | Found a broken altar of Ashenzari.
  1457 | D:2      | Reached skill level 1 in Invocations
  1791 | D:2      | Reached skill level 1 in Short Blades
  1791 | D:2      | Reached skill level 1 in Axes
  1791 | D:2      | Reached skill level 1 in Maces & Flails
  1791 | D:2      | Reached skill level 1 in Polearms
  1791 | D:2      | Reached skill level 1 in Staves
  1791 | D:2      | Reached skill level 1 in Slings
  1791 | D:2      | Reached skill level 1 in Bows
  1791 | D:2      | Reached skill level 1 in Crossbows
  1791 | D:2      | Reached skill level 1 in Throwing
  1791 | D:2      | Reached skill level 1 in Dodging
  1791 | D:2      | Reached skill level 1 in Stealth
  1791 | D:2      | Reached skill level 1 in Unarmed Combat
  1791 | D:2      | Reached skill level 1 in Spellcasting
  1791 | D:2      | Reached skill level 1 in Evocations
  1867 | D:2      | Identified a scroll of acquirement
  1867 | D:2      | Acquired the ring "Qairare" {MP+9 Str+5}
  2113 | D:3      | Reached XP level 4. HP: 18/41 MP: 5/5
  2541 | D:3      | Reached skill level 1 in Conjurations
  2541 | D:3      | Reached skill level 1 in Hexes
  2541 | D:3      | Reached skill level 1 in Summonings
  2541 | D:3      | Reached skill level 1 in Necromancy
  2541 | D:3      | Reached skill level 1 in Translocations
  2541 | D:3      | Reached skill level 1 in Transmutations
  2541 | D:3      | Reached skill level 1 in Fire Magic
  2541 | D:3      | Reached skill level 1 in Ice Magic
  2541 | D:3      | Reached skill level 1 in Air Magic
  2541 | D:3      | Reached skill level 1 in Earth Magic
  2541 | D:3      | Reached skill level 1 in Poison Magic
  3708 | D:3      | Reached XP level 5. HP: 38/47 MP: 6/6
  4455 | D:4      | Reached XP level 6. HP: 53/53 MP: 8/8
  4620 | D:4      | Reached skill level 5 in Long Blades
  5196 | D:4      | Noticed a sky beast
  5203 | D:4      | HP: 1/53 [sky beast (2)]
  5203 | D:4      | Slain by a sky beast

Illustrated notes

Levels and vault maps discovered:
D:1:      elethiomel_arrival_quiet, layout_loops_ring,
          ebering_ecumenical_altar_webs
D:2:      layout_rooms, basic_altar, minmay_misc_feat_iff,
          minmay_misc_feat_four_crosses
D:3:      minmay_skewed_foursquare, layout_loops_ring, kennysheep_potato
D:4:      layout_loops_ring

Skill      XL: |  1  2  3  4  5  6 |
---------------+-------------------+-----
Invocations    | 1 2 |  2.2
Short Blades   | 1 2 |  2.0
Axes           | 1 2 |  2.0
Maces & Flails | 1 2 |  2.0
Polearms       | 1 2 |  2.0
Staves         | 1 2 |  2.0
Slings         | 1 2 |  2.0
Bows           | 1 2 |  2.0
Crossbows      | 1 2 |  2.0
Throwing       | 1 2 |  2.0
Dodging        | 1 2 |  2.0
Stealth        | 1 2 |  2.0
Unarmed Combat | 1 2 |  2.0
Spellcasting   | 1 2 |  2.0
Evocations     | 1 2 |  2.0
Conjurations   | 1 |  1.6
Hexes          | 1 |  1.6
Summonings     | 1 |  1.6
Necromancy     | 1 |  1.6
Translocations | 1 |  1.6
Transmutations | 1 |  1.6
Fire Magic     | 1 |  1.6
Ice Magic      | 1 |  1.6
Air Magic      | 1 |  1.6
Earth Magic    | 1 |  1.6
Poison Magic   | 1 |  1.6
Long Blades    | 5 |  5.0
Fighting       | |  6.8
Armour         | |  6.8
Shields        | |  6.8

Action                   |  1- 3 |  4- 6 || total
-------------------------+-------+-------++-------
Melee: Long sword        |    69 |   131 ||   200
       Bite              |     5 |    13 ||    18
Throw: Stone             |       |     1 ||     1
       Boomerang         |       |    33 ||    33
  Use: Scroll            |     5 |     1 ||     6
       Potion            |       |     1 ||     1
 Stab: Sleeping          |     1 |       ||     1
Armor: Scale mail        |     4 |       ||     4
Dodge: Dodged            |    23 |    31 ||    54
Block: Kite shield       |    35 |    74 ||   109
       Rpst.: Long sword |     6 |    10 ||    16

Table legend: (Time is in decaauts)
 A = Elapsed time spent in this place.
 B = Non-inter-level travel time spent in this place.
 C = Inter-level travel time spent in this place.
 D = Time resting spent in this place.
 E = Time spent auto-exploring this place.
 F = Levels seen in this place.
 G = Mean time per level.
                   A        B        C        D        E       F      G
               +--------+--------+--------+--------+--------+-----+--------+
         Total |   5281 |   5029 |    252 |    600 |   3635 |   4 | 1320.2 |
       Dungeon |   5281 |   5029 |    252 |    600 |   3635 |   4 | 1320.2 |
               +--------+--------+--------+--------+--------+-----+--------+

Top non-repeatable levels by time:
     D:3: 1994 daAuts
     D:2: 1206 daAuts
     D:1: 1065 daAuts
     D:4: 1014 daAuts
